 Dungeon Crawl Stone Soup version 0.28-a0-413-gde365fb1df (webtiles) character file.

Game seed: 3888025145787943274

121 bisexualwizard the Chopper (level 4, 0/38 HPs)
             Began as a Minotaur Gladiator on Aug 29, 2021.
             Killed from afar by an orc wizard (9 damage)
             ... with a magic dart
             ... on level 3 of the Dungeon on Sept 7, 2021.
             The game lasted 00:04:52 (1934 turns).

bisexualwizard the Chopper (Minotaur Gladiator)     Turns: 1934, Time: 00:04:53

Health: 0/38       AC:  4    Str: 19    XL:     4   Next: 76%
Magic:  3/3        EV: 12    Int:  5    God:
Gold:   78         SH:  0    Dex: 12    Spells: 3/3 levels left

rFire   . . .      SeeInvis .   a - +0 war axe
rCold   . . .      Faith    .   (no shield)
rNeg    . . .      Spirit   .   b - +0 leather armour
rPois   .          Reflect  .   c - +0 hat
rElec   .          Harm     .   (no cloak)
rCorr   .          Rampage  .   h - +0 pair of gloves
Will    .....                   (no boots)
Stlth   +.........              (no amulet)
HPRegen 0.12/turn               (no ring)
MPRegen 0.08/turn               (no ring)

@: brilliant, attractive
A: horns 2, retaliatory headbutt
a: no special abilities


You were on level 3 of the Dungeon.
You visited 1 branch of the dungeon, and saw 3 of its levels.

You collected 78 gold pieces.

Inventory:

Hand Weapons
 a - a +0 war axe (weapon)
Missiles
 d - 3 throwing nets (quivered)
Armour
 b - a +0 leather armour (worn)
 c - a +0 hat (worn)
 h - a +0 pair of gloves (worn)
Scrolls
 f - a scroll of identify {unknown}
 g - 2 scrolls of fear
 j - a scroll of noise {unknown}


   Skills:
 + Level 3.2 Fighting
 + Level 5.5 Axes
 + Level 2.0 Throwing
 + Level 1.2 Armour
 + Level 3.9 Dodging


You had 3 spell levels left.
You didn't know any spells.
Your spell library was empty.

Dungeon Overview and Level Annotations

Branches:
Dungeon (3/15)

Altars:


Innate Abilities, Weirdness & Mutations

You have a pair of horns on your head.
You reflexively headbutt those who attack you in melee.


Message History

You hit the orc but do no damage. You headbutt the orc.
The orc is severely wounded.
The orc barely misses you. You furiously retaliate!
You headbutt the orc!
You kill the orc!
You slash the adder!
You kill the adder!
You hit the endoplasm.
The endoplasm is moderately wounded.
The endoplasm freezes you.
You are frozen.
You slash the endoplasm!
You kill the endoplasm!
You closely miss something. Something hits you but does no damage.
Something hits you.
You miss something. You headbutt something.
Something hits you but does no damage.
You miss something. Your headbutt misses something.
Something completely misses you.
You barely miss something. Something hits you but does no damage.
You barely miss something. Your headbutt misses something.
You hear some strange, mumbled words.
You are confused.
You bump into the rock wall.
You hear some strange, mumbled words.
A puff of flame appears from out of thin air!
The puff of flame hits you!
It was a potion of attraction.
You feel attractive to monsters. Something hits you but does no damage.
You feel less confused. Something hits you but does no damage.
You hear some strange, mumbled words.
A magic dart appears from out of thin air!
The magic dart hits you!
* * * LOW HITPOINT WARNING * * *
You miss something.
You hear some strange, mumbled words.
A magic dart appears from out of thin air!
The magic dart hits you!
You die...

..###......................
#.##....####.............#
.........# #.............#
..##.....# #.............#
..#......# #.............#
..#......# #.............#
..#<.....# #...####.####.+
..##.....###...####.######
................@{g......#
#.†#.##############r##...#
#......... ######.##...#
##>.......
.......r.)r..#######
.......###
####.#####.........#
.#.#.#.# # #.........#
.#.#.#... #.†)......#
.#.#.# ... #.........#
.....# . #.........#


You could see a hobgoblin and a rat.

Vanquished Creatures
  3 adders
  A dart slug (D:2)
  3 orcs (D:3)
  7 bats
  3 endoplasms
  8 giant cockroaches (D:1)
  5 goblins
  5 hobgoblins
  11 jackals
  4 kobolds
  4 quokkas
  3 ball pythons
  A frilled lizard (D:2)
  24 rats
82 creatures vanquished.

Notes
Turn   | Place    | Note
-------+----------+-------------------------------------------
     0 | D:1      | bisexualwizard the Minotaur Gladiator began the quest for
                  | the Orb.
     0 | D:1      | Reached XP level 1. HP: 18/18 MP: 0/0
    77 | D:1      | Reached skill level 4 in Axes
   112 | D:1      | Reached XP level 2. HP: 25/25 MP: 1/1
   509 | D:1      | Reached XP level 3. HP: 30/30 MP: 2/2
   512 | D:1      | Upgraded the game from 0.28-a0-305-g9e858e973b to
                  | 0.28-a0-413-gde365fb1df
  1254 | D:2      | Reached XP level 4. HP: 21/38 MP: 3/3
  1420 | D:2      | Reached skill level 1 in Armour
  1426 | D:2      | Reached skill level 5 in Axes
  1934 | D:3      | Killed from afar by an orc wizard

Illustrated notes

Levels and vault maps discovered:
D:1:      amcnicky_arrival_double_pillar, layout_rooms, minmay_worlds_worst_comb
D:2:      wander_river, layout_loops_ring, minmay_rat_hole
D:3:      layout_basic, gup_sewer_entry_bowl,
          shapermc_ecumenical_altar_notcrosses

Skill      XL: |  1  2  3  4 |
---------------+-------------+-----
Axes           | 4 5 |  5.5
Fighting       | 3 |  3.2
Armour         | 1 |  1.2
Throwing       | |  2.0
Dodging        | |  3.9

Action                   |  1- 3 |  4- 6 || total
-------------------------+-------+-------++-------
Melee: War axe           |   115 |    30 ||   145
       Headbutt          |     8 |     4 ||    12
  Use: Potion            |       |     2 ||     2
       Scroll            |       |     1 ||     1
 Stab: Sleeping          |     2 |       ||     2
Armor: Leather armour    |    47 |    14 ||    61
Dodge: Dodged            |    80 |    26 ||   106

Table legend: (Time is in decaauts)
 A = Elapsed time spent in this place.
 B = Non-inter-level travel time spent in this place.
 C = Inter-level travel time spent in this place.
 D = Time resting spent in this place.
 E = Time spent auto-exploring this place.
 F = Levels seen in this place.
 G = Mean time per level.
                   A        B        C        D        E       F      G
               +--------+--------+--------+--------+--------+-----+--------+
         Total |   1988 |   1950 |     38 |    158 |   1393 |   3 |  662.7 |
       Dungeon |   1988 |   1950 |     38 |    158 |   1393 |   3 |  662.7 |
               +--------+--------+--------+--------+--------+-----+--------+

Top non-repeatable levels by time:
     D:2: 1048 daAuts
     D:1: 767 daAuts
     D:3: 172 daAuts
